 Dungeon Crawl Stone Soup version 0.30-a0-578-gdee14c521f (webtiles) character file.

Game seed: 10317333372047567652

287 avis the Chiller (level 5, -1/45 HPs)
             Began as a Demigod Ice Elementalist on Dec 31, 2022.
             Splashed by a jelly's acid (10 damage)
             ... in a sewer.
             The game lasted 00:25:04 (4439 turns).

avis the Chiller (Demigod Ice Elementalist)         Turns: 4439, Time: 00:25:05

Health: -1/45      AC:  0    Str:  9    XL:     5   Next: 80%
Magic:  2/11       EV: 13    Int: 17    God:
Gold:   108        SH:  4    Dex: 18    Spells: 2/9 levels left

rFire   . . .      SeeInvis .    a - +0 dagger (protect)
rCold   . . .      Faith    .    x - +0 buckler
rNeg    . . .      Spirit   .    g - +0 robe
rPois   .          Reflect  .    (no helmet)
rElec   .          Harm     .    (no cloak)
rCorr   .          Rampage  .    (no gloves)
Will    .....                    k - +0 pair of boots
Stlth   ++                       (no amulet)
HPRegen 0.27/turn                (no ring)
MPRegen 0.12/turn                (no ring)

@: ice-armoured, corroded, under a protective aura
A: high MP 1, forlorn, divine attributes
a: no special abilities


You were in a sewer.
You visited 1 branch of the dungeon, and saw 4 of its levels.
You also visited: Sewer.

You collected 108 gold pieces.

Inventory:

Hand Weapons
 a - a +0 dagger of protection (weapon)
 b - a +0 sling
 o - a +0 long sword
 t - a +0 dagger of freezing
 w - a +1 dagger of draining
Missiles
 u - 5 poisoned darts
Armour
 g - a +0 robe (worn)
 k - a +0 pair of boots (worn)
 x - a +0 buckler (worn)
Wands
 B - a wand of roots (10)
Scrolls
 c - 6 scrolls of identify {unknown}
 d - a scroll of acquirement {unknown}
 l - a scroll of torment {unknown}
 n - a scroll of magic mapping {unknown}
 p - a scroll of immolation {unknown}
 q - a scroll of fear {unknown}
 s - a scroll of noise {unknown}
 v - a scroll of blinking {unknown}
 y - 2 scrolls of teleportation {unknown}
 z - a scroll of amnesia {unknown}
 C - a scroll of vulnerability {unknown}
Potions
 e - a potion of lignification {unknown}
 f - 3 potions of heal wounds {unknown}
 h - 2 potions of curing {unknown}
 i - 2 potions of haste {unknown}
 j - a potion of berserk rage {unknown}
 m - a potion of might {unknown}
 r - a potion of magic
 A - a potion of degeneration {unknown}
 D - a potion of experience {unknown}
 E - a potion of resistance {unknown}
 F - a potion of cancellation {unknown}
 G - a potion of mutation {unknown}


   Skills:
 - Level 3.0 Fighting
 * Level 0.3 Ranged Weapons
 - Level 4.0 Dodging
 - Level 2.0 Stealth
 - Level 2.5 Spellcasting
 - Level 4.0 Ice Magic


You had 2 spell levels left.
You knew the following spells:

 Your Spells              Type           Power      Damage    Failure   Level
a - Freeze                Ice            60%        1d7       4%          1
o - Ozocubu's Armour      Ice            15%        N/A       14%         3
r - Frozen Ramparts       Ice            30%        1d5       14%         3

Your spell library contained the following spells:

 Spells                   Type           Power      Damage    Failure   Level
 Hailstorm                Conj/Ice       8%         3d4       32%         3
 Summon Ice Beast         Ice/Summ       8%         N/A       73%         4


Dungeon Overview and Level Annotations

Branches:
Dungeon (4/15)             Temple (0/1) D:4           Sewer (1/1)

Annotations:
D:1 Can't reach some places.
D:3 3 runed translucent doors, bmack86's ghost, weakling MiFi


Innate Abilities, Weirdness & Mutations

You have an increased reservoir of magic. (+10% MP)
You shall have no god before yourself.
Your divine heritage dramatically boosts your attributes as you level up.


Message History

Your +0 dagger of protection hums with potential!
a - a +0 dagger of protection (weapon)
You hit the jelly.
Your weapon exudes an aura of protection.
The acid corrodes you!
Your hands burn!
The jelly is heavily wounded.
The jelly barely misses you.
You barely miss the jelly.
The jelly is heavily wounded.
The jelly closely misses you.
You hit the jelly.
Your hands burn!
The jelly is severely wounded.
The jelly misses you.
You hit the jelly but do no damage. The acid corrodes you!
Your hands burn!
The jelly is severely wounded.
The jelly barely misses you.
You hit the jelly but do no damage. The acid corrodes you!
Your hands burn!
The jelly is severely wounded.
The jelly barely misses you.
You hit the jelly but do no damage.
Your hands burn!
The jelly is severely wounded.
The jelly hits you but does no damage.
You hit the jelly.
Your hands burn!
The jelly is almost dead.
The jelly closely misses you. You block the jelly's attack.
Your magical contamination has completely faded away.
You hit the jelly but do no damage. The acid corrodes you!
Your hands burn!
The jelly is almost dead.
The jelly hits you. The acid corrodes you!
You are splashed with acid!
You hit the jelly but do no damage.
Your hands burn!
* * * LOW HITPOINT WARNING * * *
The jelly is almost dead.
The jelly closely misses you.
You hit the jelly but do no damage. The acid corrodes you!
Your hands burn!
* * * LOW HITPOINT WARNING * * *
The jelly is almost dead.
The jelly hits you.
* * * LOW HITPOINT WARNING * * *
You are splashed with acid!
You die...

###~~~~..## ##########
###.~.....## #.~...~~.~
##~~.~....~##
###...~.~~.~
##~..~~~~#..~##
.~##..#######
#~~.##~~.##...##~.##.~#
##..##~~.~.##~.~.~~
#..#
##~..##..#...#..~..
#..#######
#..~.##~~##.##~J####
#......~~~
#.~~###.~~###~@~#
#..~..~~..
#....###∩~.~~~†~#
########## ##~~~#
##..~~~.## ##.~##
####.~## #~..## ##~~#
##..~####~~.#
##~~~~.~~~## #~.†.~.~##
####~~~~#


You could see a jelly.

Vanquished Creatures
  A scorpion (D:4)
  2 jellies (Sewer)
  3 gnolls (D:2)
  2 adders
  A river rat (D:4)
  An ufetubus (D:4)
  4 worms
  2 dart slugs
  6 orcs (D:4)
  10 ball pythons
  4 bats
  12 endoplasms
  4 giant cockroaches
  6 goblins
  2 hobgoblins
  4 jackals (D:1)
  7 kobolds
  2 quokkas (D:3)
  3 frilled lizards
  11 rats
87 creatures vanquished.

Notes
Turn   | Place    | Note
-------+----------+-------------------------------------------
     0 | D:1      | avis the Demigod Ice Elementalist began the quest for the
                  | Orb.
     0 | D:1      | Reached XP level 1. HP: 14/14 MP: 5/5
   358 | D:1      | Reached XP level 2. HP: 20/20 MP: 2/7
  1616 | D:2      | Reached XP level 3. HP: 27/27 MP: 9/9
  1644 | D:2      | Reached skill level 1 in Fighting
  1700 | D:2      | Learned a level 3 spell: Frozen Ramparts
  1704 | D:2      | Learned a level 3 spell: Ozocubu's Armour
  2354 | D:3      | Reached XP level 4. HP: 36/36 MP: 8/10
  3035 | D:3      | Found a runed translucent gate.
  3035 | D:3      | Found a runed translucent gate.
  3035 | D:3      | Found a runed translucent gate.
  3043 | D:3      | Noticed bmack86's ghost (weakling MiFi)
  3046 | D:3      | Identified the +3 dagger "Oblygguh" {venom, Str+4 SInv}
  3751 | D:4      | Reached XP level 5. HP: 14/45 MP: 2/11
  3960 | D:4      | Found a staircase to the Ecumenical Temple.
  4145 | D:4      | Found a glowing drain.
  4152 | Sewer    | Entered a sewer
  4439 | Sewer    | Splashed by a jelly's acid

Illustrated notes

Levels and vault maps discovered:
D:1:      ncdulo_watergridlock, layout_basic, chequers_serial_rivers_small_a,
          chequers_big_river
D:2:      layout_basic
D:3:      layout_loops_corners, nicolae_overflow_ecumenical_swirl,
          biasface_ghost_orc_armoury
D:4:      layout_cave_pools, temple_pool_b, lightli_sewer_entry_pipes
Sewer:    sewer_hellmonk_slimy_pipes

Skill      XL: |  1  2  3  4  5 |
---------------+----------------+-----
Ice Magic      | 4 |  4.0
Spellcasting   | 2 |  2.5
Fighting       | 2 3 |  3.0
Dodging        | 2 4 |  4.0
Stealth        | 2 |  2.0
Ranged Weapons | |  0.3

Action                   |  1- 3 |  4- 6 || total
-------------------------+-------+-------++-------
Melee: Short sword       |     6 |       ||     6
       Dagger            |    11 |    83 ||    94
 Fire: Sling             |       |   105 ||   105
 Cast: Freeze            |    52 |     6 ||    58
       Frozen Ramparts   |     2 |    13 ||    15
       Ozocubu's Armour  |     1 |    13 ||    14
 Stab: Sleeping          |     7 |     2 ||     9
       Distracted        |     1 |       ||     1
Armor: Robe              |    15 |    37 ||    52
Dodge: Dodged            |    34 |    87 ||   121
Block: Buckler           |       |    24 ||    24

Table legend: (Time is in decaauts)
 A = Elapsed time spent in this place.
 B = Non-inter-level travel time spent in this place.
 C = Inter-level travel time spent in this place.
 D = Time resting spent in this place.
 E = Time spent auto-exploring this place.
 F = Levels seen in this place.
 G = Mean time per level.
                   A        B        C        D        E       F      G
               +--------+--------+--------+--------+--------+-----+--------+
         Total |   4524 |   4247 |    277 |   1088 |   1904 |   5 |  904.8 |
       Dungeon |   4203 |   3926 |    277 |   1023 |   1904 |   4 | 1050.8 |
         Sewer |    320 |    320 |      0 |     65 |      0 |   1 |  320.0 |
               +--------+--------+--------+--------+--------+-----+--------+

Top non-repeatable levels by time:
     D:3: 1384 daAuts
     D:1: 1350 daAuts
     D:2: 977 daAuts
     D:4: 490 daAuts
   Sewer: 320 daAuts
